 Dungeon Crawl Stone Soup version 0.21.0-3-g78d12a8 (webtiles) character file.

29 Hubbles the Grave Robber (level 3, -3/20 HPs)
             Began as a Gargoyle Necromancer on Jan 17, 2018.
             Slain by an ice beast (14 damage)
             ... on level 2 of the Dungeon.
             The game lasted 00:03:10 (1430 turns).

Hubbles the Grave Robber (Gargoyle Necromancer)     Turns: 1430, Time: 00:03:10

Health: -3/20      AC:  6    Str: 17    XL:     3   Next: 16%
Magic:  6/6        EV: 11    Int: 15    God:
Gold:   91         SH:  2    Dex: 10    Spells: 5/6 levels left

rFire    . . .     SeeInvis .   f - +0 whip
rCold    . . .     Gourm    .   l - -1 buckler
rNeg     + . .     Faith    .   n - +0 leather armour
rPois    ∞         Spirit   .   (no helmet)
rElec    +         Reflect  .   (no cloak)
rCorr    .         Harm     .   (no gloves)
MR       .....                  (no boots)
Stlth    +++.......             (no amulet)
HPRegen  0.06/turn              e - ring of stealth
MPRegen  0.10/turn              (no ring)

@: mighty
A: negative energy resistance 1, electricity resistance, unbreathing,
petrification resistance, rot immunity, AC +3
a: no special abilities


You were on level 2 of the Dungeon.
You were not hungry.

You visited 1 branch of the dungeon, and saw 2 of its levels.

You collected 91 gold pieces.

Inventory:

Hand Weapons
 d - a +0 hand axe
 f - a +0 whip (weapon)
Armour
 l - a -1 buckler (worn)
 n - a +0 leather armour (worn)
Jewellery
 e - a ring of stealth (left hand)
Scrolls
 j - a scroll of amnesia
 m - 3 scrolls of identify
Potions
 h - a potion of haste
 k - a potion of degeneration {unknown}
Books
 b - a book of Necromancy

   Spells                             Type                      Level
   a - Pain                           Necromancy                   1
   b - Animate Skeleton               Necromancy                   1
   c - Vampiric Draining              Necromancy                   3
   d - Regeneration                   Charms/Necromancy            3
   e - Animate Dead                   Necromancy                   4
   f - Borgnjor's Vile Clutch         Necromancy/Earth             5
Comestibles
 c - 2 rations
 g - 3 chunks of flesh


   Skills:
 + Level 1.4 Fighting
 * Level 1.4 Maces & Flails
 + Level 1.4 Armour
 - Level 1.5 Dodging
 - Level 2.1 Stealth
 - Level 2.0 Spellcasting
 - Level 3.2 Necromancy


You had 5 spell levels left.
You knew the following spells:

 Your Spells              Type           Power        Failure   Level  Hunger
a - Pain                  Necr           ##..         12%         1    #......


Dungeon Overview and Level Annotations

Branches:
Dungeon (2/15)

Altars:


Innate Abilities, Weirdness & Mutations

You are resistant to torment.
Your stone body is resilient. (AC +3)
You are immune to poison.
You resist negative energy. (rN+)
You are resistant to electric shocks. (rElec)
You can survive without breathing.
You are immune to petrification.
You are immune to rotting.


Message History

You barely miss the ice beast.
The ice beast is heavily wounded.
The ice beast closely misses you.
You barely miss the ice beast.
The ice beast is heavily wounded.
The ice beast hits you but does no damage.
You hit the ice beast.
The ice beast is severely wounded.
You block the ice beast's attack.
You hit the ice beast but do no damage.
The ice beast is severely wounded.
The ice beast hits you but does no damage.
You barely miss the ice beast.
The ice beast is severely wounded.
The ice beast closely misses you.
You hit the ice beast.
The ice beast is almost dead.
The ice beast hits you. The ice beast freezes you!
Ouch! That really hurt!
You die...

#.#.....>. #.#.######
#.#.#....# #.#.##.#.#
#### #.#....#.# ..#
#.#####.###..#.. #.#
#........(......
#.#.#########.###....#
#...Y@........# #....#
#.#.#############....#
...#.. ............#
### ### ###########.#
#.)..........
#.#########.# #.# #.#
#.#########.#
#.##.........


You could see an ice beast.

Vanquished Creatures
  A dart slug (D:1)
  4 giant cockroaches
  5 goblins
  4 hobgoblins (D:1)
  3 kobolds
  3 bats
  3 frilled lizards (D:1)
  A rat (D:1)
24 creatures vanquished.

Notes
Turn   | Place    | Note
-------+----------+-------------------------------------------
     0 | D:1      | Hubbles the Gargoyle Necromancer began the quest for the Orb.
     0 | D:1      | Reached XP level 1. HP: 10/10 MP: 3/3
   156 | D:1      | Reached skill level 1 in Fighting
   156 | D:1      | Reached skill level 1 in Armour
   156 | D:1      | Reached XP level 2. HP: 13/16 MP: 5/5
   337 | D:1      | Reached skill level 1 in Maces & Flails
   784 | D:1      | Reached XP level 3. HP: 20/20 MP: 6/6
  1413 | D:2      | Noticed an ice beast
  1430 | D:2      | Slain by an ice beast

Skill      XL: |  1  2 |
---------------+-------+-----
Fighting       | 1 |  1.4
Armour         | 1 |  1.4
Maces & Flails | 1 |  1.4
Dodging        | |  1.5
Stealth        | |  2.1
Spellcasting   | |  2.0
Necromancy     | |  3.2

Action                   || total
-------------------------++-------
Melee: Hand axe          ||    19
       Whip              ||    64
 Cast: Pain              ||     3
  Use: Scroll            ||     3
       Potion            ||     1
 Stab: Sleeping          ||     8
  Eat: Ration            ||     1
Armor: Robe              ||    19
       Leather armour    ||     6
Dodge: Dodged            ||    57
Block: Buckler           ||     5
